 Dungeon Crawl Stone Soup version 0.22-a0-322-g60b3cfd (webtiles) character file.

5230 JeffiDaFish the Destroyer (level 10, -5/69 HPs)
             Began as a Grey Draconian Fire Elementalist on Apr 4, 2018.
             Was a Believer of Vehumet.
             Slain by Grum
             ... wielding a +1 spear
              (10 damage)
             ... on level 8 of the Dungeon.
             The game lasted 00:21:32 (9020 turns).

JeffiDaFish the Destroyer (DrFE)                    Turns: 9020, Time: 00:21:33

Health: -5/69      AC: 17    Str: 10    XL:     10   Next: 35%
Magic:  17/30      EV: 12    Int: 18    God:    Vehumet [**....]
Gold:   402        SH:  0    Dex: 13    Spells: 11/24 levels left

rFire    . . .     SeeInvis .   v - +3 great sword (slice)
rCold    . . .     Gourm    .   (shield currently unavailable)
rNeg     . . .     Faith    .   (armour unavailable)
rPois    .         Spirit   .   (helmet restricted)
rElec    .         Reflect  .   r - +1 cloak
rCorr    .         Harm     .   (no gloves)
MR       +....                  m - +2 pair of boots
Stlth    ++........             (no amulet)
HPRegen  0.21/turn              a - ring of magical power
MPRegen  0.22/turn              o - ring of protection from magic

@: about to teleport, very slightly contaminated
A: walk through water, unfitting armour, unbreathing, cold-blooded, AC +12
a: Renounce Religion


You were on level 8 of the Dungeon.
You worshipped Vehumet.
Vehumet was pleased with you.
You were not hungry.

You visited 2 branches of the dungeon, and saw 9 of its levels.

You collected 402 gold pieces.

Inventory:

Hand Weapons
 v - a +3 great sword of slicing (weapon)
Armour
 m - a +2 pair of boots (worn)
 r - a +1 cloak (worn)
Jewellery
 a - a ring of magical power (left hand)
 d - an uncursed ring of see invisible
 k - an uncursed ring of fire
 o - a ring of protection from magic (right hand)
Wands
 j - a wand of polymorph (6)
 u - a wand of iceblast (10)
Scrolls
 c - 5 scrolls of remove curse
 e - 6 scrolls of identify
 g - 4 scrolls of magic mapping
 h - 2 scrolls of enchant weapon
 l - 3 scrolls of amnesia
 q - a scroll of fog
Potions
 i - a potion of brilliance
 n - a potion of resistance
 s - a potion of might
Comestibles
 b - 12 rations
 f - 4 chunks of flesh


   Skills:
 + Level 4.4 Long Blades
 - Level 1.7 Dodging
 - Level 1.7 Stealth
 * Level 7.6 Spellcasting
 * Level 9.3 Conjurations
 * Level 8.7 Fire Magic


You had 11 spell levels left.
You knew the following spells:

 Your Spells              Type           Power        Failure   Level  Hunger
a - Flame Tongue          Conj/Fire      #####        1%          1    None
b - Conjure Flame         Conj/Fire      #####...     1%          3    #......
c - Sticky Flame          Conj/Fire      #####...     2%          4    ###....
d - Fireball              Conj/Fire      #####.....   7%          5    #####..


Dungeon Overview and Level Annotations

Branches:
Dungeon (8/15)             Temple (1/1) D:5            Lair (0/6) D:8

Altars:
Ashenzari
Cheibriados
Dithmenos
Elyvilon
Fedhas
Kikubaaqudgha
Makhleb
Nemelex Xobeh
Qazlal
Ru
Sif Muna
Uskayaw
Vehumet
Wu Jian
Xom
Yredelemnul
Zin
The Shining One

Shops:
D:6 %

Annotations:
D:8 Grum


Innate Abilities, Weirdness & Mutations

You can walk through water.
Your dull iron-grey scales are very hard. (AC +12)
You cannot fit into any form of body armour.
You can survive without breathing.
You are cold-blooded and may be slowed by cold attacks.


Message History

* * * LOW HITPOINT WARNING * * *
You slash Grum!
Grum is severely wounded.
Grum burns! x2; Grum stops burning.
Grum barely misses you. Grum hits you with an enchanted spear.
* * * LOW HITPOINT WARNING * * *
Casting: Sticky Flame (safe; 2% risk of failure)
Confirm with . or Enter, or press ? or * to list all spells.
Aiming: Sticky Flame (safe; 2% risk of failure)
Press: ? - help, Shift-Dir - straight line, f/p - Grum
Aim: Grum, wielding an enchanted spear and wearing an animal skin (severely wounded, unusually resistant)
The sticky flame hits Grum.
Grum resists.
Grum is almost dead.
Grum is covered in liquid flames!
Grum burns!
Grum hits you with an enchanted spear!
* * * LOW HITPOINT WARNING * * *
Okay, then.
As you read the scroll of teleportation, it crumbles to dust.
You feel strangely unstable.
Grum burns!
Grum hits you with an enchanted spear!
You die...

PPP>.PP.P.....## #..#
.PPP.P.P..P.P..# #..# #
..PP(.P..P.....###g.# .#
PP.P.P..P..P....>...##.###
.PP.PP.P.P....####........
PP.PP.P....##..........#
....P......##.####..#
..P....##.###.####h.#
#####.###.# #...@gh.#
..........# #.#####.#
#####.#######.......#
#.........#######
###.####### #........
#########


You could see Grum (burning) and 2 wolves.

Vanquished Creatures
  A two-headed ogre (D:8)
  Pikel (D:5)
  A manticore (D:7)
  Grinder (D:6)
  A hippogriff (D:7)
  A spriggan (D:8)
  Eustachio (D:6)
  An acid dragon (D:7)
  3 porcupines (D:8)
  A black bear (D:8)
  2 orc warriors
  2 sky beasts
  2 ice beasts
  An ogre (D:7)
  2 phantoms
  2 wolves (D:8)
  A centaur (D:5)
  A crocodile (D:8)
  Blork the orc (D:6)
  3 bullfrogs (D:8)
  A scorpion (D:4)
  A howler monkey (D:7)
  5 wights (D:6)
  3 crimson imps
  A jelly (D:7)
  2 bullfrog skeletons
  Crazy Yiuf (D:5)
  2 orc priests
  3 orc wizards (D:5)
  Jessica (D:6)
  A centaur skeleton (D:4)
  4 iguanas
  7 worker ants
  2 hound skeletons
  A howler monkey skeleton (D:4)
  7 adders
  A shadow imp (D:6)
  An ooze (D:1)
  4 worms
  3 adder skeletons
  2 dart slugs
  6 leopard geckos
  11 orcs
  A ball python (D:5)
  3 giant cockroaches
  3 goblins
  3 hobgoblins
  13 jackals
  2 quokkas
  3 bats
  A frilled lizard (D:3)
  A jackal skeleton (D:4)
  4 kobolds
  A quokka skeleton (D:4)
  6 rats
140 creatures vanquished.

Vanquished Creatures (others)
  A worker ant (D:5)
  A giant cockroach (D:5)
  A frilled lizard (D:5)
  6 fungi (D:8)
  2 plants (D:8)
11 creatures vanquished.

Grand Total: 151 creatures vanquished

Notes
Turn   | Place    | Note
-------+----------+-------------------------------------------
     0 | D:1      | JeffiDaFish the Draconian Fire Elementalist began the quest for the Orb.
     0 | D:1      | Reached XP level 1. HP: 14/14 MP: 3/3
   222 | D:1      | Reached XP level 2. HP: 20/20 MP: 5/5
   758 | D:1      | Reached skill level 2 in Conjurations
  1012 | D:2      | Reached XP level 3. HP: 26/26 MP: 6/6
  1017 | D:2      | Learned a level 3 spell: Conjure Flame
  1671 | D:2      | Found a sacrificial altar of Ru.
  1671 | D:2      | Found a faded altar of an unknown god.
  1676 | D:2      | Found an ancient bone altar of Kikubaaqudgha.
  1678 | D:2      | Found a faded altar of an unknown god.
  1680 | D:2      | Found a shadowy altar of Dithmenos.
  1810 | D:3      | Reached XP level 4. HP: 33/33 MP: 7/7
  2145 | D:3      | Learned a level 4 spell: Sticky Flame
  2377 | D:4      | Identified the Handbook of Cankerous Transformation
  2410 | D:4      | Reached skill level 3 in Conjurations
  2760 | D:4      | Reached XP level 5. HP: 30/38 MP: 9/9
  3692 | D:5      | Entered Level 5 of the Dungeon
  3751 | D:5      | Reached skill level 4 in Conjurations
  3775 | D:5      | Found a staircase to the Ecumenical Temple.
  3782 | Temple   | Entered the Ecumenical Temple
  3909 | Temple   | Became a worshipper of Vehumet
  3996 | D:5      | Noticed a centaur
  4002 | D:5      | Killed a centaur
  4002 | D:5      | Reached XP level 6. HP: 39/45 MP: 9/11
  4254 | D:5      | Noticed Pikel
  4254 | D:5      | Noticed a slave
  4254 | D:5      | Noticed a slave
  4266 | D:5      | Killed Pikel
  4266 | D:5      | Reached skill level 6 in Conjurations
  4266 | D:5      | Reached skill level 5 in Fire Magic
  4266 | D:5      | Your scales start taking on a dull iron-grey colour.
  4266 | D:5      | Reached XP level 7. HP: 31/50 MP: 11/13
  4266 | D:5      | Gained mutation: You can survive without breathing. [Grey Draconian growth]
  4984 | D:5      | Found a stormy altar of Qazlal.
  5061 | D:5      | Reached XP level 8. HP: 49/57 MP: 15/15
  5159 | D:5      | Learned a level 5 spell: Fireball
  5298 | D:5      | Found a runed door.
  5302 | D:5      | Noticed Crazy Yiuf
  5307 | D:5      | Killed Crazy Yiuf
  5392 | D:6      | Reached skill level 1 in Long Blades
  5537 | D:6      | Noticed Jessica
  5541 | D:6      | Killed Jessica
  5546 | D:6      | Noticed Grinder
  5551 | D:6      | Paralysed by Grinder for 2 turns
  5557 | D:6      | Killed Grinder
  5557 | D:6      | Reached skill level 5 in Spellcasting
  5557 | D:6      | Reached skill level 7 in Conjurations
  5717 | D:6      | Found a deep blue altar of Sif Muna.
  5767 | D:6      | Noticed Blork the orc
  5771 | D:6      | Noticed Eustachio
  5777 | D:6      | Reached * piety under Vehumet
  5777 | D:6      | Offered knowledge of Magic Dart by Vehumet.
  5783 | D:6      | Killed Blork the orc
  5812 | D:6      | Killed Eustachio
  5968 | D:6      | Found Qubbuiw's Food Emporium.
  6174 | D:6      | Reached XP level 9. HP: 62/62 MP: 17/17
  7115 | D:7      | Reached skill level 8 in Conjurations
  7250 | D:7      | Found a basalt altar of Yredelemnul.
  7251 | D:7      | Found a blossoming altar of Fedhas.
  7326 | D:7      | Reached ** piety under Vehumet
  7326 | D:7      | Offered knowledge of Throw Frost by Vehumet.
  7849 | D:7      | Noticed a manticore
  8019 | D:7      | Killed a manticore
  8106 | D:7      | Identified the Reference Book on Creative Combat Magic
  8242 | D:8      | Found an ornate altar of the Wu Jian Council.
  8466 | D:8      | Reached XP level 10. HP: 54/69 MP: 20/20
  8495 | D:8      | Reached skill level 9 in Conjurations
  8585 | D:8      | Noticed a two-headed ogre
  8596 | D:8      | Killed a two-headed ogre
  8925 | D:8      | Found a staircase to the Lair.
  9003 | D:8      | Noticed Grum
  9020 | D:8      | Slain by Grum

Vault maps used:
D:1:      dpeg_arrival_rooms_c
D:2:      chequers_temple_overflow_minitemple, serial_bayou_pond_a
D:3:      first_ration
D:5:      kennysheep_mini_moat, temple_statues, grunt_ministairs_1,
          roderic_filled_cross, uniq_pikel, uniq_crazy_yiuf_cottage
D:6:      tgw_sif, serial_shops, shop_statue, uniq_grinder, uniq_blork_the_orc,
          uniq_eustachio
D:7:      minmay_the_grid_triangle_9x9_rhombus_thin, grunt_temple_overflow_open
D:8:      lemuel_ratsnest, lemuel_crystal_altar, due_lair_maze_entry_diamond,
          the_bakery, uniq_grum
Temple:   dpeg_chambers_temple

Skill      XL: |  1  2  3  4  5  6  7  8  9 10 |
---------------+-------------------------------+-----
Conjurations   | 2 3 4 6 7 8 9 |  9.3
Spellcasting   | 3 4 5 7 |  7.6
Fire Magic     | 4 5 6 8 |  8.7
Long Blades    | 2 3 4 |  4.4
Dodging        | |  1.7
Stealth        | |  1.7

Action                   |  1- 3 |  4- 6 |  7- 9 | 10-12 || total
-------------------------+-------+-------+-------+-------++-------
Melee: Whip              |    26 |       |       |       ||    26
       Tailslap          |     3 |    13 |    21 |     1 ||    38
       Long sword        |     6 |    60 |   201 |       ||   267
       Great sword       |       |       |     7 |    14 ||    21
 Cast: Flame Tongue      |    54 |    23 |    63 |    16 ||   156
       Sticky Flame      |       |     5 |    43 |     9 ||    57
       Fireball          |       |       |     2 |     2 ||     4
  Use: Scroll            |     6 |     4 |     5 |     1 ||    16
       Potion            |     1 |     4 |     5 |       ||    10
 Stab: Invisible         |       |       |     1 |       ||     1
       Sleeping          |       |       |     1 |       ||     1
  Eat: Chunk             |     3 |     6 |    19 |     3 ||    31
       Ration            |       |     1 |     1 |       ||     2
Armor: Skin              |    15 |    31 |   129 |    11 ||   186
Dodge: Dodged            |    35 |    68 |   223 |    25 ||   351
       Rpst.: Long sword |     4 |    20 |    55 |       ||    79
       Great sword       |       |       |     1 |     8 ||     9

Table legend:
 A = Spawn XP
 B = Non-spawn XP
 C = Spawn XP percentage of total XP
 D = Spawn monster count
 E = Non-spawn monster count
 F = Spawn count percentage of total count
 G = Total turns spent on level
                    A         B        C        D         E        F      G
               +---------+---------+-------+---------+---------+-------+---------
         Total |       0 |    7472 |   0.0 |       0 |     140 |   0.0 |  9020
               +---------+---------+-------+---------+---------+-------+---------
           D:1 |       0 |      32 |   0.0 |       0 |      14 |   0.0 |   960
           D:2 |       0 |      58 |   0.0 |       0 |      16 |   0.0 |   806
           D:3 |       0 |      27 |   0.0 |       0 |       7 |   0.0 |   572
           D:4 |       0 |     173 |   0.0 |       0 |      12 |   0.0 |  1356
           D:5 |       0 |    1316 |   0.0 |       0 |      22 |   0.0 |  1553
           D:6 |       0 |    1591 |   0.0 |       0 |      30 |   0.0 |  1654
           D:7 |       0 |    1871 |   0.0 |       0 |      23 |   0.0 |  1150
           D:8 |       0 |    2404 |   0.0 |       0 |      16 |   0.0 |   828
               +---------+---------+-------+---------+---------+-------+---------
